 Dungeon Crawl Stone Soup version 0.25-a0-41-g6cf4ce537d (webtiles) character file.

Game seed: 12096964667671211428, levelgen mode: deterministic

3717 Majang the Ducker (level 9, -3/58 HPs)
             Began as a Felid Earth Elementalist on Oct 21, 2019.
             Was a Priest of Cheibriados.
             Slain by a komodo dragon (22 damage)
             ... on level 10 of the Dungeon.
             The game lasted 01:03:02 (13995 turns).

Majang the Ducker (Felid Earth Elementalist)       Turns: 13995, Time: 01:03:02

Health: -3/58      AC: 24    Str: 13    XL:     9   Next: 92%
Magic:  23/26      EV:  4    Int: 27    God:    Cheibriados [***...]
Gold:   200        SH:  0    Dex: 24    Spells: 3/18 levels left
                                        Lives:  0   Deaths: 2

rFire    . . .     SeeInvis +     - Unarmed
rCold    . . .     Gourm    .   (shield unavailable)
rNeg     + + +     Faith    .   (armour unavailable)
rPois    +         Spirit   .   (helmet unavailable)
rElec    .         Reflect  .   (cloak unavailable)
rCorr    .         Harm     .   (gloves unavailable)
MR       +....     NoTele   +   (boots unavailable)
Stlth    +++.......             (no amulet)
HPRegen  0.19/turn              g - ring of magical power
MPRegen  0.20/turn              (no ring)

@: tree-form, very slow
A: very small, no armour, no weapons or thrown items, stealth, see invisible,
carnivore, slow metabolism 1
a: Bend Time, Temporal Distortion, Renounce Religion


You were on level 10 of the Dungeon.
You worshipped Cheibriados.
Cheibriados was most pleased with you.
You were completely stuffed.
You were a tree.
You visited 2 branches of the dungeon, and saw 11 of its levels.

You collected 368 gold pieces.
You spent 168 gold pieces at shops.

Inventory:

Missiles
 b - 52 stones
Jewellery
 f - an uncursed ring of ice
 g - a ring of magical power (left branch)
 k - an uncursed ring of ice
 n - an uncursed ring of magical power
Wands
 o - a wand of iceblast (4)
Scrolls
 e - a scroll of immolation
 i - 5 scrolls of remove curse
 m - 2 scrolls of teleportation
 p - a scroll of blinking
 r - a scroll of acquirement {unknown}
 t - 5 scrolls of identify
Potions
 a - 4 potions of lignification
 d - a potion of magic
 j - a potion of resistance
 l - 9 potions of heal wounds
 q - a potion of curing
 s - 2 potions of might
Comestibles
 c - 14 rations
 h - 8 chunks of flesh


   Skills:
 + Level 4.5 Fighting
 + Level 6.9 Dodging
 - Level 5.0 Stealth
 * Level 6.2 Unarmed Combat
 + Level 5.2 Spellcasting
 + Level 3.3 Conjurations
 + Level 5.2 Transmutations
 * Level 6.8 Earth Magic
 + Level 4.0 Invocations


You had 3 spell levels left.
You knew the following spells:

 Your Spells              Type           Power        Failure   Level  Hunger
a - Sandblast             Erth           #####.       1%          1    None
b - Stone Arrow           Conj/Erth      ####..       2%          3    #......
l - Lee's Rapid Deconstr  Erth           #####.....   12%         5    #####..
p - Petrify               Tmut/Erth      #####...     6%          4    ###....
w - Passwall              Tmut/Erth      #####...     1%          2    None

Your spell library contained the following spells:

 Spells                   Type           Power        Failure   Level  Hunger
 Magic Dart               Conj           ####         1%          1    None
 Searing Ray              Conj           ####..       2%          2    None
 Dazzling Spray           Conj/Hex       ###...       11%         3    #......
 Iskenderun's Mystic Bla  Conj           ####....     17%         4    ###....
 Force Lance              Conj/Tloc      ###.....     34%         4    ###....
 Fulminant Prism          Conj/Hex       ###.......   34%         4    ###....


Dungeon Overview and Level Annotations

Branches:
Dungeon (10/15)            Temple (1/1) D:4
   Lair: D:8-11         Orc: D:9-12

Altars:
Ashenzari
Cheibriados
Dithmenos
Elyvilon
Fedhas
Gozag
Hepliaklqana
Kikubaaqudgha
Makhleb
Nemelex Xobeh
Okawaru
Qazlal
Ru
Sif Muna
Trog
Uskayaw
Vehumet
Wu Jian
Xom
Yredelemnul
Zin
The Shining One

Shops:
D:7 *%%(


Innate Abilities, Weirdness & Mutations

You cannot wear armour.
You are incapable of wielding weapons or throwing items.
Your paws allow you to move quietly. (Stealth)
((You have sharp claws.))
((You have razor-sharp teeth.))
You have supernaturally acute eyesight. (SInv)
You are carnivorous and can eat meat at any time.
((You cover ground quickly.))
((You are covered in thick fur. (AC +2)))
You have a slow metabolism.
((Your sharp claws are effective at attacking unaware monsters.))


Message History

Cheibriados appreciates the change of pace.
You start resting.
Magic restored.
You now have 200 gold pieces (gained 15).
A komodo dragon comes into view.
The komodo dragon hisses angrily.
You scratch the komodo dragon but do no damage.
The komodo dragon bites you!
Casting: Stone Arrow (safe; 2% risk of failure)
Confirm with . or Enter, or press ? or * to list all spells.
Aiming: Stone Arrow (safe; 2% risk of failure)
Press: ? - help, Shift-Dir - straight line, f - komodo dragon
Aim: a komodo dragon The stone arrow hits the komodo dragon.
The komodo dragon is lightly wounded.
The komodo dragon bites you!!
Really quaff the potion of lignification?
You turn into a tree.
Your roots penetrate the ground.
The komodo dragon bites you!!
You die...

.. #.. ... #.. ### #.. #..
..## ..###.## ...# ..'....#
... +..#.... .# #.#
#.l#########
.#####+####.###.♣........###
.........#..#...............
.........#..#............###
.........#..#...).....!..#
.........'..+............#
.........#..#..))........#
#####...###'##....##.<.###
#...##..##....##...#
######.........#....#


You could see a komodo dragon.

Vanquished Creatures
  A two-headed ogre (D:9)
  An ugly thing (D:9)
  Grinder (D:3)
  Prince Ribbit (D:6)
  A hippogriff (D:8)
  Sigmund (D:2)
  A wyvern (D:9)
  2 hungry ghosts (D:9)
  Duvessa (D:7)
  A sky beast (D:8)
  A hornet zombie (D:10)
  An ice beast (D:6)
  An eye of draining (D:10)
  4 ogres
  A phantom (D:8)
  2 centaurs
  A gnoll sergeant (D:9)
  Dowan (D:7)
  A scorpion (D:9)
  3 crimson imps
  A quasit (D:9)
  9 hounds
  A bullfrog skeleton (D:5)
  A gnoll shaman (D:6)
  3 orc priests
  4 jellies
  4 iguanas
  7 orc wizards
  7 worker ants
  2 hound zombies
  9 gnolls
  2 river rats (D:5)
  9 adders
  A howler monkey skeleton (D:4)
  A shadow imp (D:7)
  An ooze (D:4)
  2 adder skeletons
  5 worms
  2 dart slugs
  8 leopard geckos
  28 orcs
  7 ball pythons
  7 bats
  6 giant cockroaches
  5 goblins
  12 hobgoblins
  11 jackals
  6 quokkas
  12 frilled lizards
  5 kobolds
  A leopard gecko skeleton (D:7)
  A quokka skeleton (D:4)
  6 rats
213 creatures vanquished.

Vanquished Creatures (others)
  7 plants (D:10)
7 creatures vanquished.

Grand Total: 220 creatures vanquished

Notes
Turn   | Place    | Note
-------+----------+-------------------------------------------
     0 | D:1      | Majang the Felid Earth Elementalist began the quest for the
                  | Orb.
     0 | D:1      | Reached XP level 1. HP: 7/7 MP: 4/4
   518 | D:1      | Reached XP level 2. HP: 10/11 MP: 4/6
  1477 | D:2      | Reached XP level 3. HP: 11/14 MP: 8/8
  1554 | D:2      | Learned a level 3 spell: Stone Arrow
  1557 | D:2      | Learned a level 2 spell: Passwall
  2382 | D:2      | Noticed Sigmund
  2410 | D:2      | Reached XP level 4. HP: 18/18 MP: 9/9
  3320 | D:3      | Reached skill level 1 in Unarmed Combat
  3324 | D:3      | Reached skill level 1 in Fighting
  3324 | D:3      | Reached XP level 5. HP: 11/22 MP: 10/10
  3380 | D:2      | Learned a level 4 spell: Petrify
  3674 | D:3      | Noticed Grinder
  3778 | D:3      | Found a hide-covered altar of Uskayaw.
  5144 | D:4      | Gained mutation: You are covered in thick fur. (AC +2)
                  | [Felid growth]
  5144 | D:4      | Reached XP level 6. HP: 10/25 MP: 7/11
  6365 | D:4      | Found a staircase to the Ecumenical Temple.
  6374 | Temple   | Entered the Ecumenical Temple
  6391 | Temple   | Became a worshipper of Cheibriados the Contemplative
  6522 | D:5      | Entered Level 5 of the Dungeon
  6825 | D:5      | Found a glowing drain.
  7066 | D:5      | Reached XP level 7. HP: 9/30 MP: 3/13
  7749 | D:5      | Found the +9 scales of the Dragon King {rPois rF+ rC+ MR+}
  7782 | D:4      | Reached * piety under Cheibriados
  7880 | D:5      | Reached skill level 1 in Invocations
  8761 | D:6      | Found a bloodstained altar of Trog.
  8762 | D:6      | Noticed Prince Ribbit
  9222 | D:6      | Reached skill level 5 in Stealth
  9222 | D:6      | Reached XP level 8. HP: 34/34 MP: 14/14
  9262 | D:6      | Found a stormy altar of Qazlal.
  9269 | D:6      | Found a burning altar of Makhleb.
  9646 | D:3      | Paralysed by Grinder for 6 turns
  9651 | D:3      | HP: 1/34 [Grinder (4)]
  9659 | D:3      | Killed Grinder
  9659 | D:3      | Reached skill level 5 in Dodging
  9659 | D:3      | Reached skill level 1 in Conjurations
  9884 | D:2      | Killed Sigmund
  9884 | D:2      | Reached skill level 5 in Earth Magic
 10113 | D:6      | Slain by Prince Ribbit
 10114 | D:6      | Reached XP level 7. HP: -3/31 MP: 18/23
 10194 | D:6      | Killed Prince Ribbit
 10298 | D:7      | Found Dofiloz's Food Emporium.
 10338 | D:7      | Found Gecipp's General Store.
 10342 | D:7      | Reached ** piety under Cheibriados
 10343 | D:7      | Bought 10 stones for 14 gold pieces
 10343 | D:7      | Bought a potion of resistance for 140 gold pieces
 10343 | D:7      | Bought a scroll of noise for 14 gold pieces
 10633 | D:7      | Shot with an arrow by a centaur
 10634 | D:7      | Reached XP level 6. HP: -5/28 MP: 9/22
 10643 | D:7      | Reached XP level 7. HP: 31/31 MP: 13/14
 10770 | D:7      | Found Jiophiod's Food Shop.
 10782 | D:7      | Noticed Dowan
 10782 | D:7      | Noticed Duvessa
 10785 | D:7      | Killed Dowan
 10799 | D:7      | Killed Duvessa
 11221 | D:7      | Found Quemi's Weapon Emporium.
 11557 | D:8      | Found a blossoming altar of Fedhas.
 11557 | D:8      | Noticed a hippogriff
 11566 | D:8      | Killed a hippogriff
 11566 | D:8      | Reached XP level 8. HP: 34/34 MP: 14/15
 12035 | D:8      | Learned a level 5 spell: Lee's Rapid Deconstruction
 12065 | D:8      | Found an iron altar of Okawaru.
 12139 | D:8      | Found a shimmering blue altar of Sif Muna.
 12389 | D:8      | Found an ancient bone altar of Kikubaaqudgha.
 12403 | D:8      | Reached skill level 5 in Unarmed Combat
 12685 | D:9      | Reached *** piety under Cheibriados
 13056 | D:9      | Found a hazy altar of Hepliaklqana.
 13174 | D:9      | Noticed a two-headed ogre
 13182 | D:9      | Killed a two-headed ogre
 13182 | D:9      | Reached XP level 9. HP: 39/39 MP: 7/17
 13221 | D:9      | Reached skill level 5 in Transmutations
 13307 | D:9      | Reached skill level 5 in Spellcasting
 13530 | D:9      | Noticed a white ugly thing
 13540 | D:9      | Killed a white ugly thing
 13571 | D:9      | Identified the cursed +1 leather armour of Otop {rN+ Dex+3}
 13786 | D:10     | Entered Level 10 of the Dungeon
 13988 | D:10     | Noticed a komodo dragon
 13995 | D:10     | Slain by a komodo dragon

Levels and vault maps discovered:
D:1:      minmay_arrival_wavy_path, layout_basic
D:2:      layout_loops_corners, minmay_split_cup_large, uniq_sigmund
D:3:      layout_basic, old_standard_altar, uniq_grinder
D:4:      layout_basic, lemuel_temple_firewalk_b, kennysheep_generic_room_10
D:5:      layout_layer_cave, portal_sewer_entry_a, first_ration
D:6:      layout_gridville, bloody_trog, grunt_temple_overflow_open,
          uniq_prince_ribbit1
D:7:      layout_basic, serial_shops, shop_statue, shop, shop, shop_fountains,
          uniq_duvessa
D:8:      layout_loops_cross, kennysheep_mini, overflow_temple_1_default,
          kennysheep_little_box, basic_altar
D:9:      layout_basic, marbit_many_paths
D:10:     cheibrodos_steamvent, layout_gridville, david_lair_shrubbed,
          hangedman_ranch [blue_anna_fruit_fields]
Temple:   zaba_magenta_temple

Skill      XL: |  1  2  3  4  5  6  7  8  9 |
---------------+----------------------------+-----
Earth Magic    | 3 4 6 |  6.8
Stealth        | 3 4 5 |  5.0
Dodging        | 3 4 6 |  6.9
Unarmed Combat | 1 2 4 5 6 |  6.2
Spellcasting   | 3 4 5 |  5.2
Fighting       | 1 2 4 |  4.5
Transmutations | 2 4 3 5 |  5.2
Invocations    | 1 3 4 |  4.0
Conjurations   | 2 3 |  3.3

Action                   |  1- 3 |  4- 6 |  7- 9 || total
-------------------------+-------+-------+-------++-------
Melee: Unarmed           |    56 |    55 |    79 ||   190
       Bite              |     4 |     2 |     9 ||    15
       Punch             |       |     2 |     2 ||     4
 Cast: Sandblast         |    19 |    68 |    93 ||   180
       Stone Arrow       |    11 |    71 |   117 ||   199
       Petrify           |       |       |     1 ||     1
       Lee's Rapid Decon |       |       |     2 ||     2
Evoke: Wand              |       |       |     2 ||     2
  Use: Scroll            |       |     9 |     8 ||    17
       Potion            |       |       |     6 ||     6
 Stab: Sleeping          |     6 |       |     5 ||    11
       Distracted        |       |       |     1 ||     1
  Eat: Chunk             |    11 |    17 |    31 ||    59
Armor: Skin              |     2 |     6 |     8 ||    16
Dodge: Dodged            |    45 |    82 |   148 ||   275

Table legend:
 A = Non-vault XP
 B = Vault XP
 C = Vault XP percentage of total XP
 D = Non-vault monster count
 E = Vault monster count
 F = Vault count percentage of total count
                 A         B        C        D         E       F
            +---------+---------+-------+---------+---------+-------
      Total |    5874 |    1082 |  15.6 |     196 |      17 |   8.0
            +---------+---------+-------+---------+---------+-------
        D:1 |      28 |       0 |   0.0 |      16 |       0 |   0.0
        D:2 |     105 |     234 |  69.0 |      35 |       5 |  12.5
        D:3 |     159 |     272 |  63.1 |      22 |       1 |   4.3
        D:4 |     329 |      37 |  10.1 |      20 |       1 |   4.8
        D:5 |     360 |      34 |   8.6 |      21 |       6 |  22.2
        D:6 |     443 |     255 |  36.5 |      19 |       1 |   5.0
        D:7 |     384 |     214 |  35.8 |      12 |       2 |  14.3
        D:8 |     784 |       0 |   0.0 |      17 |       0 |   0.0
        D:9 |    2742 |      36 |   1.3 |      24 |       1 |   4.0
       D:10 |     540 |       0 |   0.0 |      10 |       0 |   0.0
            +---------+---------+-------+---------+---------+-------
